Workbook

Sheet СТАРТОВАЯ
A1: СТОИМОСТЬ СТРОИТЕЛЬСТВА ОБЪЕКТА
A2: В ДОГОВОРНЫХ ТЕКУЩИХ ЦЕНАХ ПО ОБЪЕКТУ :
A4: Навбаҳор тумани "Юқори бешработ" МФЙдаги 34-сон мактабни реконструкция қилиш
A7: № | B7: НАИМЕНОВАНИЕ ЗАТРАТ | D7: СТОИМОСТЬ в валюте | E7: СТОИМОСТЬ (тыс. сум)
A8: 1 | B8: Затраты на оборудование, мебель и инвентарь, с учетом транспортных и загот.-складских расходов
A9: 2 | B9: Затраты на строительные материалы, изделия и конструкции, с учетом транспортных и загот.-складских расходов
A10: 3 | B10: Затраты на основную заработную плату с учетом начислений на социальное страхование
A11: 4 | B11: Затраты на эксплуатацию машин и механизмов (с учетом зарплаты машинистов), перевозку грузов
B12: Итого прямых затрат (тыс.сум)
A13: 5 | B13: Прочие затраты производственного характера | C13: 0
A14: 6 | B14: Прочие затраты и расходы Подрядчика | C14: 0.18
A15: 7 | B15: Затраты на страхование строительства объектов | C15: 0.0032
A16: 8 | B16: Затраты для учета коэфф. риска, определяемого исходя из прогнозируемого индекса роста цен в строительстве | C16: 0
B17: ИТОГО стоимость строительства в текущих ценах без НДС
A18: 9 | B18: НДС 12%
B19: ВСЕГО стоимость строительства в текущих ценах с НДС 12%

Sheet ОБЩАЯ
A2: СТАРТОВАЯ СТОИМОСТЬ СТРОИТЕЛЬСТВА
A3: В ДОГОВОРНЫХ ТЕКУЩИХ ЦЕНАХ ПО ОБЪЕКТУ :
A11: №/№ | B11: НАИМЕНОВАНИЕ ЗАТРАТ | J11: СТОИМОСТЬ В ТЕКУЩИХ ЦЕНАХ, ТЫС. СУМ.
A13: 1 | B13: ЗАТРАТЫ НА ОСНОВНУЮ ЗАРАБОТНУЮ ПЛАТУ С УЧЕТОМ ЕСП 12% , ТЫС.СУМ | J13: ='СВОДКА ОБЩАЯ'!C13 -> 334441.91
A14: 2 | B14: ЗАТРАТЫ НА ЭКСПЛУАТАЦИИ МАШИН И МЕХАНИЗМОВ, ТЫС.СУМ | J14: ='СВОДКА ОБЩАЯ'!D13 -> 197382.58
A15: 3 | B15: ЗАТРАТЫ НА СТРОИТЕЛЬНЫЕ МАТЕРИАЛЫ, ИЗДЕЛИЯ И КОНСТРУКЦИИ | J15: ='СВОДКА ОБЩАЯ'!E13 -> 1377989.5
A16: 4 | B16: ИТОГИ ПРЯМЫХ ЗАТРАТ | J16: ='СВОДКА ОБЩАЯ'!F13 -> 1909814
A17: 5 | B17: ПРОЧИЕ ЗАТРАТЫ ПРОИЗВОДСТВЕННОГО ХАРАКТЕРА 0% | J17: ='СВОДКА ОБЩАЯ'!G13 -> 0
A18: 5 | B18: ПРОЧИЕ ЗАТРАТЫ И РАСХОДЫ ПОДРЯДЧИКА 18% | J18: ='СВОДКА ОБЩАЯ'!H13 -> 343766.52
A19: 6 | B19: ИТОГО | J19: ='СВОДКА ОБЩАЯ'!I13 -> 2253580.5
A20: 7 | B20: ОБОРУДОВАНИЕ | J20: ='СВОДКА ОБЩАЯ'!J13 -> 717541.48
A21: 8 | B21: ИТОГО С ОБОРУДОВАНИЕМ В ТЕКУЩИХ ЦЕНАХ | J21: ='СВОДКА ОБЩАЯ'!K13 -> 2971122
A22: 9 | B22: СТРАХОВАНИЕ ОБЪЕКТА 0,32% | J22: ='СВОДКА ОБЩАЯ'!L13 -> 9507.5904
A23: 10 | B23: ИТОГО | J23: ='СВОДКА ОБЩАЯ'!M13 -> 2980629.6
A24: 11 | B24: КОЭФФИЦИЕНТ РИСКА | J24: ='СВОДКА ОБЩАЯ'!N13 -> 0
A25: 12 | B25: ИТОГО | J25: ='СВОДКА ОБЩАЯ'!O13 -> 2980629.6
A26: 13 | B26: НДС 12% | J26: ='СВОДКА ОБЩАЯ'!P13 -> 357675.55
A27: 14 | B27: ИТОГО ПО ОБЪЕКТУ С НДС | J27: ='СВОДКА ОБЩАЯ'!Q13 -> 3338305.1
A28: 15 | B28: ПРОЧИЕ ЗАТРАТЫ ЗАКАЗЧИКА 5,05% | J28: ='СВОДКА ОБЩАЯ'!R13 -> 168584.41
A29: 16 | B29: ВСЕГО С ПРОЧИМИ ЗАТРАТАМИ ЗАКАЗЧИКА | J29: ='СВОДКА ОБЩАЯ'!S13 -> 3506889.6
A36: В соответствии с Постановлением Кабинета Министров от 11.06.03г.№ 261 " О переходе на договорные текущие цены при реализации
A37: инвестиционных проектов, осуществляемых за счет централизованных капитальных вложений", стоимость строительства объекта
A38: является рекомендуемой для заключения договоров между Заказчиком и Подрядчиком, и уточняются по договорной стоимости
A39: производства работ по результатам тендерных опросов
B42: СОСТАВИЛ:
B43: ИНЖЕНЕР-СМЕТЧИК | J43: АШУРОВА К.Р.
B46: ПРОВЕРИЛ:
B47: ГИП

Sheet СВОДКА ОБЩАЯ
A1: НАИМЕНОВАНИЕ СТРОЙКИ: «NAVOIY VILOYATI NAVBAHOR TUMANI “YUQORI BESHRABOT” MFY HUDUDIDAGI 34-SONLI UMUMIY O‘RTA TA’LIM MAKTABNI REKONSTRUKSIYA QILISH UCHUN (12X24 SPORT ZAL QURISH)»
A4: СВОДКА ЗАТРАТ В ТЕКУЩИХ ЦЕНАХ
A7: № | B7: НАИМЕНОВАНИЕ | C7: ЗАТРАТЫ НА ОСНОВНУЮ ЗАРАБОТНУЮ ПЛАТУ С УЧЕТОМ ЕСП 12%, ТЫС.СУМ | D7: ЗАТРАТЫ НА ЭКСПЛУАТАЦИИ МАШИН И МЕХАНИЗМОВ, ТЫС.СУМ | E7: ЗАТРАТЫ НА СТРОИТЕЛЬНЫЕ МАТЕРИАЛЫ, ИЗДЕЛИЯ И КОНСТРУКЦИИ С УЧЕТОМ ТРАНСПОРТНЫХ И ЗАГОТОВИТЕЛЬНО-СКЛАДСКИХ РАСХОДОВ, ТЫС.СУМ | F7: ИТОГИ ПРЯМЫХ ЗАТРАТЫ, ТЫС. СУМ | G7: ПРОЧИЕ ЗАТРАТЫ ПРОИЗВОДСТВЕННОГО ХАРАКТЕРА | H7: ПРОЧИЕ ЗАТРАТЫ ПОДРЯДЧИКА, ТЫС.СУМ 18% | I7: ИТОГО | J7: ОБОРУДОВАНИЕ С УЧЕТОМ ТРАНСПОРТНЫХ И ЗАГОТОВИТЕЛЬНО-СКЛАДСКИХ РАСХОДОВ, ТЫС. СУМ | K7: ИТОГО В ТЕКУЩИХ ЦЕНАХ ТЫС.СУМ | L7: СТРАХОВАНИЕ ОБЪЕКТА 0,32% | M7: ИТОГО | N7: КОЭФФИЦИЕНТ РИСКА | O7: ИТОГО | P7: НДС, 12% | Q7: ВСЕГО | R7: ПРОЧИЕ ЗАТРАТЫ ЗАКАЗЧИКА 5,05% | S7: ВСЕГО С ПРОЧИМИ ЗАТРАТАМИ ЗАКАЗЧИКА
A8: 1 | B8: 2 | C8: 3 | D8: 4 | E8: 5 | F8: 6 | G8: 7 | H8: 7 | I8: 8 | J8: 9 | K8: 10 | L8: 11 | M8: 12 | N8: 13 | O8: 12 | P8: 13 | Q8: 14 | R8: 15 | S8: 16
A9: 1 | B9: ГЕНЕРАЛЬНЫЙ ПЛАН И БЛАГОУСТРОЙСТВО | C9: 4404.2595 | D9: 2874.0061 | E9: 38459.694 | F9: =E9+D9+C9 -> 45737.96 | G9: 0 | H9: =(F9+G9)*18% -> 8232.8327 | I9: =H9+G9+F9 -> 53970.792 | J9: 3302.4 | K9: =I9+J9 -> 57273.192 | L9: =K9*0.32% -> 183.27422 | M9: =L9+K9 -> 57456.467 | N9: 0 | O9: =N9+M9 -> 57456.467 | P9: =O9*12% -> 6894.776 | Q9: =P9+O9 -> 64351.243 | R9: =Q9*5.05% -> 3249.7378 | S9: =R9+Q9 -> 67600.98
A10: 2 | B10: НА ЗДАНИЕ МЕДИЦИНСКОГО ДИАНОСТИЧЕСКОГО ЦЕНТРА | C10: ='СВОДКА ЗДАНИЕ'!C19 -> 249706.71 | D10: ='СВОДКА ЗДАНИЕ'!D19 -> 142363.04 | E10: ='СВОДКА ЗДАНИЕ'!E19 -> 1012756.1 | F10: ='СВОДКА ЗДАНИЕ'!F19 -> 1404825.8 | G10: ='СВОДКА ЗДАНИЕ'!G19 -> 0 | H10: ='СВОДКА ЗДАНИЕ'!H19 -> 252868.65 | I10: ='СВОДКА ЗДАНИЕ'!I19 -> 1657694.5 | J10: ='СВОДКА ЗДАНИЕ'!J19 -> 392416.1 | ... S10: ='СВОДКА ЗДАНИЕ'!S19 -> 2419796.7
A11: 3 | B11: НА СЕТИ ИНЖЕНЕРНЫХ КОММУНИКАЦИЙ | C11: ='СВОДКА ИНЖ. КОММ'!C13 -> 67922.935 | D11: ='СВОДКА ИНЖ. КОММ'!D13 -> 37528.184 | E11: ='СВОДКА ИНЖ. КОММ'!E13 -> 289586.79 | F11: ='СВОДКА ИНЖ. КОММ'!F13 -> 395037.91 | G11: ='СВОДКА ИНЖ. КОММ'!G13 -> 0 | H11: ='СВОДКА ИНЖ. КОММ'!H13 -> 71106.824 | I11: ='СВОДКА ИНЖ. КОММ'!I13 -> 466144.74 | J11: ='СВОДКА ИНЖ. КОММ'!J13 -> 321822.98 | ... S11: ='СВОДКА ИНЖ. КОММ'!S13 -> 930057.99
B12: НА УСТРОЙСТВУ ВЫГРЕБНОЙ ЯМЫ ОБЪЕМОМ 15 М3 | C12: 12408.004 | D12: 14617.351 | E12: 37186.96 | F12: =E12+D12+C12 -> 64212.315 | G12: 0 | H12: =(F12+G12)*18% -> 11558.217 | I12: =H12+G12+F12 -> 75770.532 | J12: 0 | K12: =I12+J12 -> 75770.532 | L12: =K12*0.32% -> 242.4657 | M12: =L12+K12 -> 76012.997 | N12: 0 | O12: =N12+M12 -> 76012.997 | P12: =O12*12% -> 9121.5597 | Q12: =P12+O12 -> 85134.557 | R12: =Q12*5.05% -> 4299.2951 | S12: =R12+Q12 -> 89433.852
A13: 4 | B13: ИТОГО | C13: =SUM(C9:C12) -> 334441.91 | D13: =SUM(D9:D12) -> 197382.58 | E13: =SUM(E9:E12) -> 1377989.5 | F13: =SUM(F9:F12) -> 1909814 | G13: =SUM(G9:G12) -> 0 | H13: =SUM(H9:H12) -> 343766.52 | I13: =SUM(I9:I12) -> 2253580.5 | J13: =SUM(J9:J12) -> 717541.48 | ... S13: =SUM(S9:S12) -> 3506889.6
B18: СОСТАВИЛ: ИНЖЕНЕР-СМЕТЧИК | F18: АШУРОВА К.Р. | K18: ПРОВЕРИЛ: ГИП

Sheet СЕТИ ИНЖЕНЕРНЫХ КОММУНИКАЦИЙ
A1: «NAVOIY VILOYATI NAVBAHOR TUMANI “YUQORI BESHRABOT” MFY HUDUDIDAGI 34-SONLI UMUMIY O‘RTA TA’LIM MAKTABNI REKONSTRUKSIYA QILISH UCHUN (12X24 SPORT ZAL QURISH)»
A5: РАСЧЕТ СТОИМОСТИ ОБЪЕКТА В ТЕКУЩИХ ЦЕНАХ
A10: №/№ | B10: НАИМЕНОВАНИЕ ЗАТРАТ | J10: СТОИМОСТЬ В ТЕКУЩИХ ЦЕНАХ, ТЫС. СУМ.
A12: 1 | B12: =ОБЩАЯ!B13 -> ЗАТРАТЫ НА ОСНОВНУЮ ЗАРАБОТНУЮ ПЛАТУ С УЧЕТОМ ЕСП 12% , ТЫС.СУМ | J12: ='СВОДКА ИНЖ. КОММ'!C13 -> 67922.935
A13: 2 | B13: ЗАТРАТЫ НА ЭКСПЛУАТАЦИИ МАШИН И МЕХАНИЗМОВ, ТЫС.СУМ | J13: ='СВОДКА ИНЖ. КОММ'!D13 -> 37528.184
A14: 3 | B14: ЗАТРАТЫ НА СТРОИТЕЛЬНЫЕ МАТЕРИАЛЫ, ИЗДЕЛИЯ И КОНСТРУКЦИИ | J14: ='СВОДКА ИНЖ. КОММ'!E13 -> 289586.79
A15: 4 | B15: ИТОГИ ПРЯМЫХ ЗАТРАТ | J15: ='СВОДКА ИНЖ. КОММ'!F13 -> 395037.91
A16: 5 | B16: ПРОЧИЕ ЗАТРАТЫ ПРОИЗВОДСТВЕННОГО ХАРАКТЕРА | J16: ='СВОДКА ИНЖ. КОММ'!G13 -> 0
A17: 5 | B17: =ОБЩАЯ!B18 -> ПРОЧИЕ ЗАТРАТЫ И РАСХОДЫ ПОДРЯДЧИКА 18% | J17: ='СВОДКА ИНЖ. КОММ'!H13 -> 71106.824
A18: 6 | B18: ИТОГО | J18: ='СВОДКА ИНЖ. КОММ'!I13 -> 466144.74
A19: 7 | B19: ОБОРУДОВАНИЕ | J19: ='СВОДКА ИНЖ. КОММ'!J13 -> 321822.98
A20: 8 | B20: ИТОГО С ОБОРУДОВАНИЕМ В ТЕКУЩИХ ЦЕНАХ | J20: ='СВОДКА ИНЖ. КОММ'!K13 -> 787967.71
A21: 9 | B21: СТРАХОВАНИЕ ОБЪЕКТА 0,32% | J21: ='СВОДКА ИНЖ. КОММ'!L13 -> 2521.4967
A22: 10 | B22: ИТОГО | J22: ='СВОДКА ИНЖ. КОММ'!M13 -> 790489.21
A23: 11 | B23: КОЭФФИЦИЕНТ РИСКА | J23: ='СВОДКА ИНЖ. КОММ'!N13 -> 0
A24: 12 | B24: ИТОГО | J24: ='СВОДКА ИНЖ. КОММ'!O13 -> 790489.21
A25: 13 | B25: НДС 12% | J25: ='СВОДКА ИНЖ. КОММ'!P13 -> 94858.705
A26: 14 | B26: ИТОГО ПО ОБЪЕКТУ С НДС | J26: ='СВОДКА ИНЖ. КОММ'!Q13 -> 885347.92
A27: 15 | B27: ПРОЧИЕ ЗАТРАТЫ ЗАКАЗЧИКА 5,05% | J27: ='СВОДКА ИНЖ. КОММ'!R13 -> 44710.07
A28: 16 | B28: ВСЕГО С ПРОЧИМИ ЗАТРАТАМИ ЗАКАЗЧИКА | J28: ='СВОДКА ИНЖ. КОММ'!S13 -> 930057.99
B32: СОСТАВИЛ:
B33: ИНЖЕНЕР-СМЕТЧИК | J33: АШУРОВА К.Р.
B36: ПРОВЕРИЛ:
B37: ГИП

Sheet СВОДКА ИНЖ. КОММ
A1: ='СВОДКА ОБЩАЯ'!A1:S1 -> НАИМЕНОВАНИЕ СТРОЙКИ: «NAVOIY VILOYATI NAVBAHOR TUMANI “YUQORI BESHRABOT” MFY HUDUDIDAGI 34-SONLI UMUMIY O‘RTA TA’LIM MAKTABNI REKONSTRUKSIYA QILISH UCHUN (12X24 SPORT ZAL QURISH)»
A4: СВОДКА ЗАТРАТ В ТЕКУЩИХ ЦЕНАХ
A8: № | B8: НАИМЕНОВАНИЕ | C8: ='СВОДКА ОБЩАЯ'!C7 -> ЗАТРАТЫ НА ОСНОВНУЮ ЗАРАБОТНУЮ ПЛАТУ С УЧЕТОМ ЕСП 12%, ТЫС.СУМ | D8: ЗАТРАТЫ НА ЭКСПЛУАТАЦИИ МАШИН И МЕХАНИЗМОВ, ТЫС.СУМ | E8: ЗАТРАТЫ НА СТРОИТЕЛЬНЫЕ МАТЕРИАЛЫ, ИЗДЕЛИЯ И КОНСТРУКЦИИ С УЧЕТОМ ТРАНСПОРТНЫХ И ЗАГОТОВИТЕЛЬНО-СКЛАДСКИХ РАСХОДОВ, ТЫС.СУМ | F8: ИТОГИ ПРЯМЫХ ЗАТРАТЫ, ТЫС. СУМ | G8: ПРОЧИЕ ЗАТРАТЫ ПРОИЗВОДСТВЕННОГО ХАРАКТЕРА | H8: ='СВОДКА ОБЩАЯ'!H7 -> ПРОЧИЕ ЗАТРАТЫ ПОДРЯДЧИКА, ТЫС.СУМ 18% | I8: ИТОГО | J8: ОБОРУДОВАНИЕ С УЧЕТОМ ТРАНСПОРТНЫХ И ЗАГОТОВИТЕЛЬНО-СКЛАДСКИХ РАСХОДОВ, ТЫС. СУМ | K8: ИТОГО В ТЕКУЩИХ ЦЕНАХ ТЫС.СУМ | L8: СТРАХОВАНИЕ ОБЪЕКТА 0,32% | M8: ИТОГО | N8: КОЭФФИЦИЕНТ РИСКА | O8: ИТОГО | P8: НДС, 12% | Q8: ВСЕГО | R8: ПРОЧИЕ ЗАТРАТЫ ЗАКАЗЧИКА 5,05% | S8: ВСЕГО С ПРОЧИМИ ЗАТРАТАМИ ЗАКАЗЧИКА
A9: 1 | B9: 2 | C9: 3 | D9: 4 | E9: 5 | F9: 6 | G9: 7 | H9: 8 | I9: 9 | J9: 10 | K9: 11 | L9: 12 | M9: 13 | N9: 12 | O9: 13 | P9: 14 | Q9: 15 | R9: 16 | S9: 17
A10: 1 | B10: НА НВК | C10: 10764.387 | D10: 5386.4769 | E10: 24267.572 | F10: =E10+D10+C10 -> 40418.436 | G10: =0% -> 0 | H10: =(F10+G10)*18% -> 7275.3186 | I10: =H10+G10+F10 -> 47693.755 | J10: 10010.4 | K10: =I10+J10 -> 57704.155 | L10: =K10*0.32% -> 184.6533 | M10: =L10+K10 -> 57888.808 | N10: 0 | O10: =N10+M10 -> 57888.808 | P10: =O10*12% -> 6946.657 | Q10: =P10+O10 -> 64835.465 | R10: =Q10*5.05% -> 3274.191 | S10: =R10+Q10 -> 68109.656
A11: 2 | B11: НА ТС | C11: 22864.123 | D11: 3658.2715 | E11: 14082.496 | F11: =E11+D11+C11 -> 40604.89 | G11: =0% -> 0 | H11: =(F11+G11)*18% -> 7308.8802 | I11: =H11+G11+F11 -> 47913.77 | J11: 186813.67 | K11: =I11+J11 -> 234727.44 | L11: =K11*0.32% -> 751.12782 | M11: =L11+K11 -> 235478.57 | N11: 0 | O11: =N11+M11 -> 235478.57 | P11: =O11*12% -> 28257.428 | Q11: =P11+O11 -> 263736 | R11: =Q11*5.05% -> 13318.668 | S11: =R11+Q11 -> 277054.67
A12: 3 | B12: НА НЭС | C12: 34294.425 | D12: 28483.436 | E12: 251236.72 | F12: =E12+D12+C12 -> 314014.58 | G12: =0% -> 0 | H12: =(F12+G12)*18% -> 56522.625 | I12: =H12+G12+F12 -> 370537.21 | J12: 124998.91 | K12: =I12+J12 -> 495536.12 | L12: =K12*0.32% -> 1585.7156 | M12: =L12+K12 -> 497121.83 | N12: 0 | O12: =N12+M12 -> 497121.83 | P12: =O12*12% -> 59654.62 | Q12: =P12+O12 -> 556776.45 | R12: =Q12*5.05% -> 28117.211 | S12: =R12+Q12 -> 584893.66
A13: 9 | B13: ИТОГО | C13: =SUM(C10:C12) -> 67922.935 | D13: =SUM(D10:D12) -> 37528.184 | E13: =SUM(E10:E12) -> 289586.79 | F13: =SUM(F10:F12) -> 395037.91 | G13: =SUM(G10:G12) -> 0 | H13: =SUM(H10:H12) -> 71106.824 | I13: =SUM(I10:I12) -> 466144.74 | J13: =SUM(J10:J12) -> 321822.98 | ... S13: =SUM(S10:S12) -> 930057.99
B17: СОСТАВИЛ: ИНЖЕНЕР-СМЕТЧИК | D17: АШУРОВА К.Р. | K17: ПРОВЕРИЛ: ГИП

Sheet ЗДАНИЕ
A1: «NAVOIY VILOYATI NAVBAHOR TUMANI “YUQORI BESHRABOT” MFY HUDUDIDAGI 34-SONLI UMUMIY O‘RTA TA’LIM MAKTABNI REKONSTRUKSIYA QILISH UCHUN (12X24 SPORT ZAL QURISH)»
A5: РАСЧЕТ СТОИМОСТИ ОБЪЕКТА В ТЕКУЩИХ ЦЕНАХ
A10: №/№ | B10: НАИМЕНОВАНИЕ ЗАТРАТ | J10: СТОИМОСТЬ В ТЕКУЩИХ ЦЕНАХ, ТЫС. СУМ.
A12: 1 | B12: =ОБЩАЯ!B13 -> ЗАТРАТЫ НА ОСНОВНУЮ ЗАРАБОТНУЮ ПЛАТУ С УЧЕТОМ ЕСП 12% , ТЫС.СУМ | J12: ='СВОДКА ЗДАНИЕ'!C19 -> 249706.71
A13: 2 | B13: ЗАТРАТЫ НА ЭКСПЛУАТАЦИИ МАШИН И МЕХАНИЗМОВ, ТЫС.СУМ | J13: ='СВОДКА ЗДАНИЕ'!D19 -> 142363.04
A14: 3 | B14: ЗАТРАТЫ НА СТРОИТЕЛЬНЫЕ МАТЕРИАЛЫ, ИЗДЕЛИЯ И КОНСТРУКЦИИ | J14: ='СВОДКА ЗДАНИЕ'!E19 -> 1012756.1
A15: 4 | B15: ИТОГИ ПРЯМЫХ ЗАТРАТ | J15: ='СВОДКА ЗДАНИЕ'!F19 -> 1404825.8
A16: 5 | B16: ПРОЧИЕ ЗАТРАТЫ ПРОИЗВОДСТВЕННОГО ХАРАКТЕРА | J16: ='СВОДКА ЗДАНИЕ'!G19 -> 0
A17: 5 | B17: =ОБЩАЯ!B18 -> ПРОЧИЕ ЗАТРАТЫ И РАСХОДЫ ПОДРЯДЧИКА 18% | J17: ='СВОДКА ЗДАНИЕ'!H19 -> 252868.65
A18: 6 | B18: ИТОГО | J18: ='СВОДКА ЗДАНИЕ'!I19 -> 1657694.5
A19: 7 | B19: ОБОРУДОВАНИЕ | J19: ='СВОДКА ЗДАНИЕ'!J19 -> 392416.1
A20: 8 | B20: ИТОГО С ОБОРУДОВАНИЕМ В ТЕКУЩИХ ЦЕНАХ | J20: ='СВОДКА ЗДАНИЕ'!K19 -> 2050110.6
A21: 9 | B21: СТРАХОВАНИЕ ОБЪЕКТА 0,32% | J21: ='СВОДКА ЗДАНИЕ'!L19 -> 6560.3538
A22: 10 | B22: ИТОГО | J22: ='СВОДКА ЗДАНИЕ'!M19 -> 2056670.9
A23: 11 | B23: КОЭФФИЦИЕНТ РИСКА | J23: ='СВОДКА ЗДАНИЕ'!N19 -> 0
A24: 12 | B24: ИТОГО | J24: ='СВОДКА ЗДАНИЕ'!O19 -> 2056670.9
A25: 13 | B25: НДС 15% | J25: ='СВОДКА ЗДАНИЕ'!P19 -> 246800.51
A26: 14 | B26: ИТОГО ПО ОБЪЕКТУ С НДС | J26: ='СВОДКА ЗДАНИЕ'!Q19 -> 2303471.4
A27: 15 | B27: ПРОЧИЕ ЗАТРАТЫ ЗАКАЗЧИКА 3% | J27: ='СВОДКА ЗДАНИЕ'!R19 -> 116325.31
A28: 16 | B28: ВСЕГО С ПРОЧИМИ ЗАТРАТАМИ ЗАКАЗЧИКА | J28: ='СВОДКА ЗДАНИЕ'!S19 -> 2419796.7
B32: СОСТАВИЛ:
B33: ИНЖЕНЕР-СМЕТЧИК | J33: АШУРОВА К.Р.
B36: ПРОВЕРИЛ:
B37: ГИП

Sheet СВОДКА ЗДАНИЕ
A1: ='СВОДКА ОБЩАЯ'!A1:S1 -> НАИМЕНОВАНИЕ СТРОЙКИ: «NAVOIY VILOYATI NAVBAHOR TUMANI “YUQORI BESHRABOT” MFY HUDUDIDAGI 34-SONLI UMUMIY O‘RTA TA’LIM MAKTABNI REKONSTRUKSIYA QILISH UCHUN (12X24 SPORT ZAL QURISH)»
A4: СВОДКА ЗАТРАТ В ТЕКУЩИХ ЦЕНАХ
A8: № | B8: НАИМЕНОВАНИЕ | C8: ='СВОДКА ОБЩАЯ'!C7 -> ЗАТРАТЫ НА ОСНОВНУЮ ЗАРАБОТНУЮ ПЛАТУ С УЧЕТОМ ЕСП 12%, ТЫС.СУМ | D8: ЗАТРАТЫ НА ЭКСПЛУАТАЦИИ МАШИН И МЕХАНИЗМОВ, ТЫС.СУМ | E8: ЗАТРАТЫ НА СТРОИТЕЛЬНЫЕ МАТЕРИАЛЫ, ИЗДЕЛИЯ И КОНСТРУКЦИИ С УЧЕТОМ ТРАНСПОРТНЫХ И ЗАГОТОВИТЕЛЬНО-СКЛАДСКИХ РАСХОДОВ, ТЫС.СУМ | F8: ИТОГИ ПРЯМЫХ ЗАТРАТЫ, ТЫС. СУМ | G8: ПРОЧИЕ ЗАТРАТЫ ПРОИЗВОДСТВЕННОГО ХАРАКТЕРА | H8: ='СВОДКА ОБЩАЯ'!H7 -> ПРОЧИЕ ЗАТРАТЫ ПОДРЯДЧИКА, ТЫС.СУМ 18% | I8: ИТОГО | J8: ОБОРУДОВАНИЕ С УЧЕТОМ ТРАНСПОРТНЫХ И ЗАГОТОВИТЕЛЬНО-СКЛАДСКИХ РАСХОДОВ, ТЫС. СУМ | K8: ИТОГО В ТЕКУЩИХ ЦЕНАХ ТЫС.СУМ | L8: СТРАХОВАНИЕ ОБЪЕКТА 0,32% | M8: ИТОГО | N8: КОЭФФИЦИЕНТ РИСКА | O8: ИТОГО | P8: НДС, 12% | Q8: ВСЕГО | R8: ПРОЧИЕ ЗАТРАТЫ ЗАКАЗЧИКА 5,05% | S8: ВСЕГО С ПРОЧИМИ ЗАТРАТАМИ ЗАКАЗЧИКА
A9: 1 | B9: 2 | C9: 3 | D9: 4 | E9: 5 | F9: 6 | G9: 7 | H9: 8 | I9: 9 | J9: 10 | K9: 11 | L9: 12 | M9: 13 | N9: 12 | O9: 13 | P9: 14 | Q9: 15 | R9: 16 | S9: 17
A10: 1 | B10: НА АРХИТЕКТУРНЫЕ РЕШЕНИЯ | C10: 86750.367 | D10: 3978.6638 | E10: 225917.59 | F10: =E10+D10+C10 -> 316646.62 | G10: 0 | H10: =(F10+G10)*18% -> 56996.392 | I10: =H10+G10+F10 -> 373643.01 | J10: 0 | K10: =I10+J10 -> 373643.01 | L10: =K10*0.32% -> 1195.6576 | M10: =L10+K10 -> 374838.67 | N10: 0 | O10: =N10+M10 -> 374838.67 | P10: =O10*12% -> 44980.64 | Q10: =P10+O10 -> 419819.31 | R10: =Q10*5.05% -> 21200.875 | S10: =R10+Q10 -> 441020.19
A11: 2 | B11: НА КОНСТРУКЦИИ ЖЕЛЕЗОБЕТОННЫЕ | C11: 101837.75 | D11: 119755.7 | E11: 690984.18 | F11: =E11+D11+C11 -> 912577.63 | G11: 0 | H11: =(F11+G11)*18% -> 164263.97 | I11: =H11+G11+F11 -> 1076841.6 | J11: 0 | K11: =I11+J11 -> 1076841.6 | L11: =K11*0.32% -> 3445.8931 | M11: =L11+K11 -> 1080287.5 | N11: 0 | O11: =N11+M11 -> 1080287.5 | P11: =O11*12% -> 129634.5 | Q11: =P11+O11 -> 1209922 | R11: =Q11*5.05% -> 61101.061 | S11: =R11+Q11 -> 1271023.1
A12: 3 | B12: НА ТЕХНОЛОГИЧЕСКИЕ РЕШЕНИЯ | C12: 0 | D12: 0 | E12: 0 | F12: =E12+D12+C12 -> 0 | G12: 0 | H12: =(F12+G12)*18% -> 0 | I12: =H12+G12+F12 -> 0 | J12: 121888.9 | K12: =I12+J12 -> 121888.9 | L12: =K12*0.32% -> 390.04449 | M12: =L12+K12 -> 122278.95 | N12: 0 | O12: =N12+M12 -> 122278.95 | P12: =O12*12% -> 14673.474 | Q12: =P12+O12 -> 136952.42 | R12: =Q12*5.05% -> 6916.0973 | S12: =R12+Q12 -> 143868.52
A13: 4 | B13: НА ОТОПЛЕНИЕ И ВЕНТИЛЯЦИЯ | C13: 19480.692 | D13: 1871.3661 | E13: 24717.867 | F13: =E13+D13+C13 -> 46069.926 | G13: 0 | H13: =(F13+G13)*18% -> 8292.5866 | I13: =H13+G13+F13 -> 54362.512 | J13: 87509.158 | K13: =I13+J13 -> 141871.67 | L13: =K13*0.32% -> 453.98935 | M13: =L13+K13 -> 142325.66 | N13: 0 | O13: =N13+M13 -> 142325.66 | P13: =O13*12% -> 17079.079 | Q13: =P13+O13 -> 159404.74 | R13: =Q13*5.05% -> 8049.9393 | S13: =R13+Q13 -> 167454.68
A14: 5 | B14: НА ВОДОПРОВОД И КАНАЛИЗАЦИЯ | C14: 4195.8577 | D14: 344.048 | E14: 11122.887 | F14: =E14+D14+C14 -> 15662.792 | G14: 0 | H14: =(F14+G14)*18% -> 2819.3026 | I14: =H14+G14+F14 -> 18482.095 | J14: 2192.5393 | K14: =I14+J14 -> 20674.634 | L14: =K14*0.32% -> 66.158829 | M14: =L14+K14 -> 20740.793 | N14: 0 | O14: =N14+M14 -> 20740.793 | P14: =O14*12% -> 2488.8952 | Q14: =P14+O14 -> 23229.688 | R14: =Q14*5.05% -> 1173.0993 | S14: =R14+Q14 -> 24402.787
A15: 6 | B15: НА ЭЛЕКТРОСНАБЖЕНИЕ | C15: 28394.496 | D15: 13419.622 | E15: 49214.91 | F15: =E15+D15+C15 -> 91029.028 | G15: 0 | H15: =(F15+G15)*18% -> 16385.225 | I15: =H15+G15+F15 -> 107414.25 | J15: 84973.22 | K15: =I15+J15 -> 192387.47 | L15: =K15*0.32% -> 615.63991 | M15: =L15+K15 -> 193003.11 | N15: 0 | O15: =N15+M15 -> 193003.11 | P15: =O15*12% -> 23160.374 | Q15: =P15+O15 -> 216163.49 | R15: =Q15*5.05% -> 10916.256 | S15: =R15+Q15 -> 227079.74
A16: 7 | B16: НА СИСТЕМА ПОЖАРНОЙ СИГНАЛИЗАЦИИ | C16: 5327.179 | D16: 2066.9768 | E16: 4010.4904 | F16: =E16+D16+C16 -> 11404.646 | G16: 0 | H16: =(F16+G16)*18% -> 2052.8363 | I16: =H16+G16+F16 -> 13457.483 | J16: 65451.522 | K16: =I16+J16 -> 78909.005 | L16: =K16*0.32% -> 252.50882 | M16: =L16+K16 -> 79161.514 | N16: 0 | O16: =N16+M16 -> 79161.514 | P16: =O16*12% -> 9499.3816 | Q16: =P16+O16 -> 88660.895 | R16: =Q16*5.05% -> 4477.3752 | S16: =R16+Q16 -> 93138.27
A17: 8 | B17: НА ВИДЕОНАБЛЮДЕНИЕ | C17: 2877.9818 | D17: 144.7146 | E17: 5431.4574 | F17: =E17+D17+C17 -> 8454.1538 | G17: 0 | H17: =(F17+G17)*18% -> 1521.7477 | I17: =H17+G17+F17 -> 9975.9015 | J17: 2472.5852 | K17: =I17+J17 -> 12448.487 | L17: =K17*0.32% -> 39.835157 | M17: =L17+K17 -> 12488.322 | N17: 0 | O17: =N17+M17 -> 12488.322 | P17: =O17*12% -> 1498.5986 | Q17: =P17+O17 -> 13986.92 | R17: =Q17*5.05% -> 706.33948 | S17: =R17+Q17 -> 14693.26
A18: 9 | B18: НА НБШ | C18: 842.3839 | D18: 781.9502 | E18: 1356.6853 | F18: =E18+D18+C18 -> 2981.0194 | G18: 0 | H18: =(F18+G18)*18% -> 536.58349 | I18: =H18+G18+F18 -> 3517.6029 | J18: 27928.177 | K18: =I18+J18 -> 31445.78 | L18: =K18*0.32% -> 100.6265 | M18: =L18+K18 -> 31546.406 | N18: 0 | O18: =N18+M18 -> 31546.406 | P18: =O18*12% -> 3785.5687 | Q18: =P18+O18 -> 35331.975 | R18: =Q18*5.05% -> 1784.2647 | S18: =R18+Q18 -> 37116.24
A19: 10 | B19: ИТОГО | C19: =SUM(C10:C18) -> 249706.71 | D19: =SUM(D10:D18) -> 142363.04 | E19: =SUM(E10:E18) -> 1012756.1 | F19: =SUM(F10:F18) -> 1404825.8 | G19: =SUM(G10:G18) -> 0 | H19: =SUM(H10:H18) -> 252868.65 | I19: =SUM(I10:I18) -> 1657694.5 | J19: =SUM(J10:J18) -> 392416.1 | ... S19: =SUM(S10:S18) -> 2419796.7
Q21: =Q19/100 -> 23034.714
B23: СОСТАВИЛ: ИНЖЕНЕР-СМЕТЧИК | D23: АШУРОВА К.Р. | K23: ПРОВЕРИЛ: ГИП
